 Dungeon Crawl Stone Soup version 0.29.0-4-gdea44cf6ec (webtiles) character file.

Game seed: 11770217635227213801

76 qw the Ruffian (level 4, 0/35 HPs)
             Began as a Ghoul Fire Elementalist on Aug 29, 2022.
             Slain by a worm (10 damage)
             ... on level 2 of the Dungeon.
             The game lasted 00:01:48 (2423 turns).

qw the Ruffian (Ghoul Fire Elementalist)            Turns: 2423, Time: 00:01:49

Health: 0/35       AC:  3    Str: 13    XL:     4   Next: 32%
Magic:  5/5        EV: 12    Int: 10    God:
Gold:   94         SH:  0    Dex:  9    Spells: 5/6 levels left

rFire   . . .      SeeInvis .     - Unarmed
rCold   + . .      Faith    .   (no shield)
rNeg    + + +      Spirit   .   a - +0 robe
rPois   inf        Reflect  .   (no helmet)
rElec   .          Harm     .   (no cloak)
rCorr   .          Rampage  .   g - +0 pair of gloves
Will    .....                   (no boots)
Stlth   ++........              (no amulet)
HPRegen 0.00/turn               (no ring)
MPRegen 0.09/turn               (no ring)

@: inhibited regen
A: claws 1, cold resistance 1, negative energy resistance 3, inhibited
regeneration, torment resistance 2, devour on kill
a: no special abilities


You were on level 2 of the Dungeon.
You visited 1 branch of the dungeon, and saw 2 of its levels.

You collected 94 gold pieces.


Innate Abilities, Weirdness & Mutations

You are immune to poison.
You have sharp fingernails.
Your flesh is cold resistant. (rC+)
You are immune to negative energy. (rN+++)
You do not regenerate when monsters are visible.
You are immune to unholy pain and torment.
You thrive by killing the living.


   Skills:
 - Level 1.0 Fighting
 - Level 1.7 Dodging
 - Level 2.1 Stealth
 + Level 3.9 Unarmed Combat
 - Level 1.7 Spellcasting
 - Level 0.7 Conjurations
 - Level 2.4 Fire Magic


You had 5 spell levels left.
You knew the following spells:

 Your Spells              Type           Power      Damage    Failure   Level
a - Foxfire               Conj/Fire      16%        2x1d4     17%         1

Your spell library contained the following spells:

 Spells                   Type           Power      Damage    Failure   Level
 Scorch                   Fire           10%        2d5       19%         2
 Conjure Flame            Conj/Fire      4%         6-21      45%         3
 Inner Flame              Hex/Fire       3%         N/A       52%         3
 Flame Wave               Conj/Fire      4%         2d5       86%         4

Inventory:

Missiles
 d - 4 javelins (quivered)
Armour
 a - a +0 robe (worn)
 g - a +0 pair of gloves (worn)
Jewellery
 h - a +6 ring of intelligence
Scrolls
 e - 2 scrolls of teleportation
Potions
 b - a potion of invisibility {unknown}
 c - 2 potions of flight {unknown}
 f - a potion of brilliance {unknown}

Dungeon Overview and Level Annotations

Branches:
Dungeon (2/15)

Altars:


Message History

You kill the frilled lizard!
d - 3 javelins (gained 1)
d - 4 javelins (gained 1)
h - a +6 ring of intelligence A worm comes into view.
The worm moves out of view.
You hit the worm but do no damage. The worm bites you but does no damage.
You hit the worm.
The worm is lightly wounded.
The worm bites you.
You barely miss the worm.
The worm is lightly wounded.
You hit the worm.
The worm is moderately wounded.
The worm barely misses you.
You completely miss the worm.
The worm is moderately wounded.
You barely miss the worm.
The worm is moderately wounded.
The worm bites you!
You hit the worm.
The worm is heavily wounded.
You barely miss the worm.
The worm is heavily wounded.
The worm bites you.
You barely miss the worm.
The worm is heavily wounded.
You barely miss the worm.
The worm is heavily wounded.
The worm bites you but does no damage.
You hit the worm.
The worm is heavily wounded.
You hit the worm.
The worm is severely wounded.
The worm bites you!
You hit the worm but do no damage.
The worm is heavily wounded.
The worm bites you!
You die...

...#'###.....#.#
77..7.77.
##..7#7#7....#.#.#
7..77...7
#......##.....#.#
77.7777777
#.#7#7.7#.....#.#
77..7
#.#.##.##.....#.#
7.777
#.#.#7.7###...#.#
7.7
#...............#
77.7 77
###.#.........w.#
7.77 7.7
#.#.#########@#
7.7 7.. #.#.#
#....# 77.7 7...7
#.#.# #.#### 77.77
7?... #.#.# #.#
7..7 7.!.. #.#.#
#.#


7>77 7..(. #.#.. #.# 777 77.(7 #.########.# 777 #.# #.....# #.# #.##### You
could see a worm.

Vanquished Creatures
  3 adders (D:2)
  A worm (D:2)
  A dart slug (D:1)
  5 ball pythons
  2 bats (D:1)
  4 endoplasms
  2 giant cockroaches
  3 goblins
  4 hobgoblins
  4 jackals (D:1)
  A quokka (D:2)
  4 frilled lizards
  6 kobolds
  A rat (D:1)
41 creatures vanquished.

Notes
Turn   | Place    | Note
-------+----------+-------------------------------------------
     0 | D:1      | qw the Ghoul Fire Elementalist began the quest for the Orb.
     0 | D:1      | Reached XP level 1. HP: 14/14 MP: 2/2
     0 | D:1      | 0 ||| qw: Version: 0.1-a-90-g952f4b7
     0 | D:1      | 0 ||| qw: Game counter: 3780
     0 | D:1      | 0 ||| qw: Always use a shield: true
     0 | D:1      | 0 ||| qw: God list: Okawaru
     0 | D:1      | 0 ||| qw: Allow faded altars: false
     0 | D:1      | 0 ||| qw: Do Orc after D:15 true
     0 | D:1      | 0 ||| qw: Do second Lair branch before Depths: true
     0 | D:1      | 0 ||| qw: Lair rune preference: random
     0 | D:1      | 0 ||| qw: Plans: Normal
     0 | D:1      | 0 ||| PLANNING D:1-11
    28 | D:1      | HP: 3/14 [hobgoblin (3)]
   230 | D:1      | Reached skill level 1 in Unarmed Combat
   530 | D:1      | Reached skill level 1 in Fighting
   530 | D:1      | Reached XP level 2. HP: 23/23 MP: 3/3
   569 | D:1      | 569 ||| Stepping ~*~*~tactically~*~*~ (outnumbered).
   570 | D:1      | 570 ||| Stepping ~*~*~tactically~*~*~ (outnumbered).
   571 | D:1      | 571 ||| Stepping ~*~*~tactically~*~*~ (outnumbered).
   572 | D:1      | 572 ||| Stepping ~*~*~tactically~*~*~ (outnumbered).
   573 | D:1      | 573 ||| Stepping ~*~*~tactically~*~*~ (outnumbered).
   575 | D:1      | 575 ||| Stepping ~*~*~tactically~*~*~ (outnumbered).
   598 | D:1      | Reached skill level 2 in Unarmed Combat
   601 | D:1      | HP: 5/23 [jackal (3)]
   632 | D:1      | 632 ||| Stepping ~*~*~tactically~*~*~ (stealth).
   633 | D:1      | 633 ||| Stepping ~*~*~tactically~*~*~ (stealth).
   918 | D:1      | Found a faded altar of an unknown god.
  1023 | D:1      | Reached XP level 3. HP: 23/28 MP: 4/4
  1066 | D:1      | 1066 ||| Stepping ~*~*~tactically~*~*~ (stealth).
  1171 | D:1      | 1171 ||| Stepping ~*~*~tactically~*~*~ (stealth).
  1177 | D:1      | 1177 ||| Stepping ~*~*~tactically~*~*~ (stealth).
  1257 | D:1      | 1257 ||| Stepping ~*~*~tactically~*~*~ (stealth).
  1258 | D:1      | 1258 ||| Stepping ~*~*~tactically~*~*~ (stealth).
  1263 | D:1      | 1263 ||| Stepping ~*~*~tactically~*~*~ (stealth).
  1273 | D:1      | 1273 ||| Stepping ~*~*~tactically~*~*~ (stealth).
  1294 | D:1      | 1294 ||| Stepping ~*~*~tactically~*~*~ (stealth).
  1353 | D:1      | 1353 ||| UPGRADING to +0 pair of gloves.
  1358 | D:1      | 1358 ||| READING scroll labelled VOOMEU IPNOY.
  1359 | D:1      | 1359 ||| READING scroll labelled PUXTUX FAANK.
  1360 | D:1      | 1360 ||| READING 2 scrolls labelled ILIUVVETES.
  1362 | D:1      | 1362 ||| READING scroll labelled USKI MOUPH.
  1363 | D:1      | 1363 ||| READING scroll labelled JUPRIAPRAMP.
  1364 | D:1      | 1364 ||| DROPPING potion of magic.
  1589 | D:2      | HP: 7/28 [adder (4)]
  1590 | D:2      | 1590 ||| READING scroll of teleportation.
  1592 | D:2      | Reached skill level 3 in Unarmed Combat
  1942 | D:2      | 1942 ||| Stepping randomly (stuck).
  2010 | D:2      | 2010 ||| Stepping ~*~*~tactically~*~*~ (stealth).
  2219 | D:2      | Reached XP level 4. HP: 35/35 MP: 5/5
  2423 | D:2      | Slain by a worm

Levels and vault maps discovered:
D:1:      nzn_arrival_water_spiral, layout_rooms,
          ebering_ecumenical_altar_sacrificial, nrook_campfire, hex_medium
D:2:      kb_forest_paths, layout_basic, serial_forest,
          infiniplex_forest_straight_1, infiniplex_forest_lined_corner,
          infiniplex_forest_straight_5, infiniplex_forest_clump_medium,
          infiniplex_forest_end_1, lemuel_old_faithful

Skill      XL: |  1  2  3 |
---------------+----------+-----
Unarmed Combat | 1 2 3 |  3.9
Fighting       | 1 |  1.0
Dodging        | |  1.7
Stealth        | |  2.1
Spellcasting   | |  1.7
Conjurations   | |  0.7
Fire Magic     | |  2.4

Action                   |  1- 3 |  4- 6 || total
-------------------------+-------+-------++-------
Melee: Unarmed           |   143 |    21 ||   164
       Punch             |     1 |       ||     1
Throw: Javelin           |    14 |     8 ||    22
  Use: Scroll            |     6 |       ||     6
Armor: Robe              |    25 |     4 ||    29
Dodge: Dodged            |    86 |     4 ||    90

Table legend:
 A = Non-vault XP
 B = Vault XP
 C = Vault XP percentage of total XP
 D = Non-vault monster count
 E = Vault monster count
 F = Vault count percentage of total count
                 A         B        C        D         E       F
            +---------+---------+-------+---------+---------+-------
      Total |      87 |      22 |  20.2 |      35 |       6 |  14.6
            +---------+---------+-------+---------+---------+-------
        D:1 |      39 |       0 |   0.0 |      21 |       0 |   0.0
        D:2 |      48 |      22 |  31.4 |      14 |       6 |  30.0
            +---------+---------+-------+---------+---------+-------
